 Dungeon Crawl Stone Soup version 0.23.0 (webtiles) character file.

Game seed: 3635652015195922469

60 inmateoo the Skirmisher (level 3, -4/30 HPs)
             Began as a Centaur Air Elementalist on Feb 10, 2019.
             Slain by a gnoll
             ... wielding a +0 halberd
              (14 damage)
             ... on level 2 of the Dungeon.
             The game lasted 00:01:41 (1176 turns).

inmateoo the Skirmisher (Centaur Air Elementalist)  Turns: 1176, Time: 00:01:41

Health: -4/30      AC:  5    Str: 11    XL:     3   Next: 82%
Magic:  5/5        EV:  9    Int: 14    God:
Gold:   34         SH:  0    Dex:  9    Spells: 4/5 levels left

rFire    . . .     SeeInvis .   b - +2 dagger (venom)
rCold    . . .     Gourm    .   (no shield)
rNeg     . . .     Faith    .   a - +0 robe
rPois    .         Spirit   .   (no helmet)
rElec    .         Reflect  .   (no cloak)
rCorr    .         Harm     .   j - +0 pair of gloves
MR       .....                  (no barding)
Stlth    +.........             (no amulet)
HPRegen  0.10/turn              (no ring)
MPRegen  0.09/turn              (no ring)

@: very quick
A: large, hooves 3, deformed body, speed 2, tough skin 3
a: no special abilities


You were on level 2 of the Dungeon.
You were hungry.

You visited 1 branch of the dungeon, and saw 2 of its levels.

You collected 34 gold pieces.

Inventory:

Hand Weapons
 b - a +2 dagger of venom (weapon)
 f - a cursed +0 spear
Armour
 a - a +0 robe (worn)
 j - a +0 pair of gloves (worn)
Jewellery
 d - an uncursed ring of poison resistance {unknown}
Scrolls
 e - a scroll of teleportation {unknown}
 h - a scroll of remove curse {unknown}
 k - a scroll of identify {unknown}
Potions
 g - a potion of lignification {unknown}
 i - 2 potions of ambrosia {unknown}
Comestibles
 c - 3 rations


   Skills:
 + Level 2.7 Fighting
 * Level 1.7 Polearms
 - Level 1.3 Dodging
 - Level 1.1 Stealth
 - Level 1.5 Spellcasting
 - Level 0.8 Conjurations
 - Level 2.6 Air Magic


You had 4 spell levels left.
You knew the following spells:

 Your Spells              Type           Power        Failure   Level  Hunger
a - Shock                 Conj/Air       #...         12%         1    ##.....

Your spell library contained the following spells:

 Spells                   Type           Power        Failure   Level  Hunger
 Swiftness                Chrm/Air       #.......     22%         2    ###....
 Static Discharge         Conj/Air       #.......     36%         3    ####...
 Airstrike                Air            #.........   63%         4    #####..
 Lightning Bolt           Conj/Air       #.........   98%         5    ######.


Dungeon Overview and Level Annotations

Branches:
Dungeon (2/15)

Altars:
Gozag


Innate Abilities, Weirdness & Mutations

You have hooves in place of feet.
Armour fits poorly on your strangely shaped body.
You cover ground very quickly.
You have extremely tough skin. (AC +3)


Message History

The gnoll hits you from afar with a +0 halberd!
The gnoll barely misses you.
You kill the gnoll!
The gnoll hits you from afar with a +0 halberd.
You climb upwards.
There is a stone staircase leading down here.
You start resting.
You start resting.
You are feeling hungry.
There is a stone staircase leading down here.
You climb downwards.
There is a stone staircase leading up here.
The gnoll hits you from afar with a +0 halberd!
You hit the gnoll.
The gnoll is poisoned.
Your kick misses the gnoll.
The gnoll is moderately wounded.
The gnoll hits you with a +0 halberd!
You hit the gnoll.
The gnoll looks as sick as possible!
The gnoll is heavily wounded.
The gnoll hits you with a +0 halberd!
You die...

#. .# #.# ..
... #>. .###
#.# #.. ..#
.g. #.## #.#
#g#
#.##.##<###
...
#.##..)...#
..###g#
##.#####@#.#
..$...#
#.)....g.#...
#.#
#)#####.##
###
#g###.#####.#
#gg......##.#
#####.##)##.#
#.....(.#
####.####
.....


You could see a gnoll.

Vanquished Creatures
  3 gnolls
  A leopard gecko (D:1)
  5 goblins
  2 hobgoblins (D:1)
  3 jackals (D:1)
  5 bats (D:1)
  2 frilled lizards (D:1)
  3 kobolds (D:1)
  5 rats (D:1)
29 creatures vanquished.

Notes
Turn   | Place    | Note
-------+----------+-------------------------------------------
     0 | D:1      | inmateoo the Centaur Air Elementalist began the quest for
                  | the Orb.
     0 | D:1      | Reached XP level 1. HP: 14/14 MP: 3/3
    27 | D:1      | Reached skill level 1 in Fighting
   208 | D:1      | Reached XP level 2. HP: 9/24 MP: 4/4
   893 | D:2      | Reached XP level 3. HP: 30/30 MP: 5/5
   904 | D:2      | Found an opulent altar of Gozag.
   924 | D:2      | Reached skill level 1 in Polearms
  1176 | D:2      | Slain by a gnoll

Skill      XL: |  1  2  3 |
---------------+----------+-----
Fighting       | 1 2 |  2.7
Polearms       | 1 |  1.7
Dodging        | |  1.3
Stealth        | |  1.1
Spellcasting   | |  1.5
Conjurations   | |  0.8
Air Magic      | |  2.6

Action                   || total
-------------------------++-------
Melee: Dagger            ||    71
       Unarmed           ||     3
       Kick              ||     7
 Cast: Shock             ||     4
Armor: Robe              ||    41
Dodge: Dodged            ||    59
